 Dungeon Crawl Stone Soup version 0.20.1-1-g8b1a95d (webtiles) character file.

485 LittleSunflower the Ducker (level 7, -7/44 HPs)
             Began as an Octopode Monk on Aug 20, 2017.
             Was a Believer of Hepliaklqana.
             Shot with an arrow by a centaur (14 damage)
             ... on level 5 of the Dungeon.
             The game lasted 00:12:12 (4404 turns).

LittleSunflower the Ducker (Octopode Monk)          Turns: 4404, Time: 00:12:13

Health: -7/44      AC:  1    Str: 10    XL:     7   Next: 13%
Magic:  7/7        EV: 16    Int: 13    God:    Hepliaklqana [**....]
Gold:   250        SH:  5    Dex: 16    Spells: 6/6 levels left

rFire    . . .     SeeInvis .   a - +0 spear
rCold    . . .     Gourm    .   g - +0 buckler
rNeg     . . .     Faith    .   (helmet restricted)
rPois    .         Spirit   .   (no amulet)
rElec    .         Reflect  .   (no ring)
rCorr    .         Harm     .   (no ring)
MR       .....                  (no ring)
Stlth    +++.......             (no ring)
Regen    0.2/turn               (no ring)
MPRegen  0.1/turn               (no ring)
                                (no ring)
                                (no ring)

@: no status effects
A: almost no armour, stealthy swim, amphibious, 8 rings, constrict 8, reduced
essence, camouflage 1, gelatinous body 1
a: Recall Ancestor, Ancestor Identity, Renounce Religion


You were on level 5 of the Dungeon.
You worshipped Hepliaklqana.
Hepliaklqana was pleased with you.
You were not hungry.

You visited 2 branches of the dungeon, and saw 6 of its levels.

You collected 250 gold pieces.

Inventory:

Hand Weapons
 a - a +0 spear (weapon)
 v - the +10 falchion "Octopus's Doom" {elec, *Corrode rC+ rN+ Int+2}
   (You found it on level 4 of the Dungeon)

   Occasionally, upon striking a foe, it will discharge some electrical energy
   and cause terrible harm.
   It affects your intelligence (+2).
   It protects you from cold.
   It protects you from negative energy.
   It may corrode you when you take damage.
Missiles
 c - 176 stones (quivered)
 t - 3 tomahawks
Armour
 g - a +0 buckler (worn)
 q - a +0 large shield
Jewellery
 k - an uncursed amulet of faith {unknown}
 p - an uncursed amulet of magic regeneration {unknown}
 r - an uncursed ring of positive energy {unknown}
Scrolls
 d - 4 scrolls of identify {unknown}
 j - 3 scrolls of amnesia {unknown}
 l - a scroll of noise {unknown}
 m - 4 scrolls of teleportation {unknown}
 o - a scroll of remove curse {unknown}
 w - a scroll of enchant armour {unknown}
Potions
 e - 2 potions of brilliance {unknown}
 f - a potion of might {unknown}
 h - 2 potions of mutation {unknown}
 n - a potion of lignification {unknown}
 u - a potion of agility {unknown}
Comestibles
 b - 2 bread rations
 i - a royal jelly
 s - a chunk of flesh
 x - 2 meat rations
 z - 3 fruits


   Skills:
 + Level 4.5 Fighting
 + Level 4.6 Polearms
 + Level 4.8 Dodging
 - Level 2.6 Stealth
 + Level 3.3 Shields


You had 6 spell levels left.
You didn't know any spells.

Dungeon Overview and Level Annotations

Branches:
Dungeon (5/15)             Temple (1/1) D:4

Altars:
Ashenzari
Cheibriados
Dithmenos
Elyvilon
Fedhas
Gozag
Hepliaklqana
Kikubaaqudgha
Makhleb
Nemelex Xobeh
Okawaru
Qazlal
Ru
Sif Muna
Trog
Uskayaw
Vehumet
Xom
Yredelemnul
The Shining One


Innate Abilities, Weirdness & Mutations

You cannot wear most types of armour.
You are very stealthy in the water. (Stealth+)
You are amphibious.
You can wear up to eight rings at the same time.
You can use your tentacles to constrict eight enemies at once.
Your skin changes colour to match your surroundings (Stealth+).
Your rubbery body absorbs attacks. (AC +1, EV +1)
Your life essence is reduced to manifest your ancestor. (-10% HP)


Message History

Tlalli hits the centaur with a flail.
The centaur unwields an uncursed shortbow.
The centaur hits Tlalli but does no damage.
Wield which item (- for none, * to show all)? (? for menu, Esc to quit)
The +10 falchion "Octopus's Doom" {elec, *Corrode rC+ rN+ Int+2} stops crackling.
a - a +0 spear (weapon)
Tlalli hits the centaur with a flail!
Attack whom?
Press: ? - help, Dir - move target cursor, f - centaur
Aim: a centaur (severely wounded)
You reach to attack!
You hit the centaur but do no damage.
The centaur is severely wounded.
The centaur wields an uncursed shortbow.
The centaur shoots an arrow.
Tlalli blocks the arrow.
Attack whom?
Press: ? - help, Dir - move target cursor, f/p - centaur
Aim: a centaur, wielding a shortbow (severely wounded)
You could not reach far enough!
The centaur shoots an arrow.
The arrow closely misses Tlalli.
The arrow hits you!
You die...

.o### (.# ###. #$.##
##... #. .#.## #... ##..
....####..# ....
##........# ..#
.....$..#.# ..# #.#
#.)...##c.##
###.###.$...)R...#
#####...........@#.#....
...!....##.#####().# #
.##..........# ##.)#
.##.#........# #...
###.#........# .#..
#..........# .#...)
###.........[# # #..
.............# ##
..#.##########


You could see the friendly Tlalli the knight and a centaur.

Vanquished Creatures
  An ogre (D:3)
  A bullfrog (D:4)
  A howler monkey (D:4)
  4 orc wizards
  3 adders
  An adder zombie (D:5)
  2 worms
  A leopard gecko (D:3)
  3 orcs
  4 giant cockroaches
  12 goblins
  11 hobgoblins
  6 jackals
  2 quokkas
  A ball python skeleton (D:4)
  9 bats
  5 frilled lizards
  7 kobolds
  2 leopard gecko skeletons
  A quokka zombie (D:5)
  7 rats
84 creatures vanquished.

Vanquished Creatures (collateral kills)
  An orc priest (D:5)
  A hound (D:4)
  3 orcs
  A ball python (D:4)
6 creatures vanquished.

Grand Total: 90 creatures vanquished

Notes
Turn   | Place    | Note
-------+----------+-------------------------------------------
     0 | D:1      | LittleSunflower the Octopode Monk began the quest for the Orb.
     0 | D:1      | Reached XP level 1. HP: 16/16 MP: 1/1
   536 | D:1      | Reached XP level 2. HP: 21/21 MP: 2/2
  1053 | D:2      | Reached skill level 1 in Shields
  1053 | D:2      | Reached XP level 3. HP: 22/26 MP: 3/3
  1638 | D:2      | Found a blossoming altar of Fedhas.
  1638 | D:2      | Found a hide-covered altar of Uskayaw.
  1840 | D:2      | Found a stormy altar of Qazlal.
  2055 | D:3      | Reached XP level 4. HP: 31/31 MP: 4/4
  2124 | D:3      | Noticed an ogre
  2169 | D:3      | Killed an ogre
  2169 | D:3      | Reached XP level 5. HP: 12/36 MP: 5/5
  2923 | D:4      | Reached XP level 6. HP: 27/43 MP: 6/6
  3196 | D:4      | Found a staircase to the Ecumenical Temple.
  3273 | Temple   | Entered the Ecumenical Temple
  3378 | Temple   | Became a worshipper of Hepliaklqana the Forgotten
  3378 | Temple   | Reached * piety under Hepliaklqana
  3378 | Temple   | Reached ** piety under Hepliaklqana
  3465 | Temple   | Remembered your ancestor Tlalli as a knight
  3698 | D:4      | Got an encrusted falchion
  3699 | D:4      | Identified the +10 falchion "Octopus's Doom" {elec, *Corrode rC+ rN+ Int+2} (You found it on level 4 of the Dungeon)
  3983 | D:5      | Entered Level 5 of the Dungeon
  4389 | D:5      | Reached XP level 7. HP: 25/44 MP: 7/7
  4404 | D:5      | Shot with an arrow by a centaur

Skill      XL: |  1  2  3  4  5  6 |
---------------+-------------------+-----
Shields        | 1 2 3 |  3.3
Dodging        | 4 |  4.8
Polearms       | 4 |  4.6
Fighting       | 4 |  4.5
Stealth        | |  2.6

Action                   |  1- 3 |  4- 6 |  7- 9 || total
-------------------------+-------+-------+-------++-------
Melee: Spear             |    79 |   100 |     1 ||   180
       Constrict         |    17 |    25 |     1 ||    43
       Tentacles         |    13 |    22 |       ||    35
       Falchion          |       |    18 |     6 ||    24
Throw: Stone             |       |     3 |       ||     3
Invok: Recall Ancestor   |       |     1 |       ||     1
       Ancestor Life: Kn |       |     1 |       ||     1
 Stab: Sleeping          |    13 |    10 |       ||    23
       Distracted        |     1 |     1 |       ||     2
  Eat: Chunk             |     3 |     8 |       ||    11
Armor: Skin              |       |     2 |       ||     2
Dodge: Dodged            |    22 |    50 |     5 ||    77
Block: Buckler           |       |    10 |     3 ||    13
       Rpst.: Falchion   |       |     2 |     1 ||     3
